 Dungeon Crawl Stone Soup version 0.27.1-3-gb3d3a73c9e (webtiles) character file.

Game seed: 120663594875162486

9160 Dustman the Fighter (level 11, -8/115 (119) HPs)
             Began as an Ogre Gladiator on Oct 19, 2021.
             Was a Believer of Makhleb.
             Mangled by a shadow (28 damage)
             ... on level 11 of the Dungeon.
             The game lasted 01:19:44 (8525 turns).

Dustman the Fighter (Ogre Gladiator)                Turns: 8525, Time: 01:19:45

HP:   -8/115 (119)  AC: 13    Str: 20    XL:     11   Next: 42%
MP:   18/18         EV: 10    Int: 12    God:    Makhleb [**....]
Gold: 33            SH:  9    Dex: 12    Spells: 19/19 levels left

rFire    . . .     SeeInvis .   B - +3 war axe (vorpal)
rCold    . . .     Faith    .   k - +0 kite shield
rNeg     . . .     Spirit   .   q - +1 acid dragon scales
rPois    .         Reflect  .   c - +0 hat
rElec    .         Harm     .   (no cloak)
rCorr    +         Rampage  .   (gloves unavailable)
Will     ++...                  (boots unavailable)
Stlth    ++........             (no amulet)
HPRegen  0.29/turn              p - ring of willpower
MPRegen  0.16/turn              y - +4 ring of protection

@: very slightly contaminated, lightly drained, invisible
A: large, unfitting armour, tough skin 1, agile 1, deterioration 1, mutation
resistance 1
a: Renounce Religion, Minor Destruction


You were on level 11 of the Dungeon.
You worshipped Makhleb.
Makhleb was pleased with you.
You visited 2 branches of the dungeon, and saw 14 of its levels.

You collected 589 gold pieces.
You spent 556 gold pieces at shops.

Inventory:

Hand Weapons
 a - a +0 quarterstaff
 e - a +3 trident of protection
 g - a +2 hand axe of freezing
 i - a +0 falchion of holy wrath
 v - the +5 falchion "Ogre's Bane" {vamp, rCorr Int+3 Stlth+}
   (You found it on level 5 of the Dungeon)

   It occasionally heals its wielder for a portion of the damage dealt when it
   wounds a living foe.
   Int:       It affects your intelligence (+3).
   rCorr:     It protects you from acid and corrosion.
   Stlth:     It makes you more stealthy.
 B - a +3 vorpal war axe (weapon)
Missiles
 b - 14 boomerangs
 d - 2 throwing nets
 j - 85 poisoned darts (quivered)
Armour
 c - a +0 hat (worn)
 k - a +0 kite shield (worn)
 q - +1 acid dragon scales (worn)
Magical Staves
 f - a staff of poison
 o - a staff of conjuration
Jewellery
 p - a ring of willpower (left hand)
 x - a ring of flight
 y - a +4 ring of protection (right hand)
Wands
 w - a wand of polymorph (10)
 A - a wand of acid (1)
Scrolls
 h - a scroll of magic mapping
 l - 3 scrolls of identify
 n - 2 scrolls of fog
Potions
 m - 2 potions of might
 r - 2 potions of flight
 s - a potion of attraction
 u - 2 potions of curing
 z - 2 potions of brilliance
 D - 2 potions of degeneration
 E - a potion of ambrosia
 F - a potion of cancellation


   Skills:
 + Level 10.3 Fighting
 - Level 4.0 Long Blades
 + Level 2.3 Axes
 - Level 4.0 Staves
 - Level 4.0 Throwing
 - Level 4.0 Armour
 + Level 7.2 Dodging
 - Level 4.0 Stealth
 + Level 5.3 Shields
 + Level 4.9 Spellcasting
 - Level 4.0 Invocations
 - Level 4.0 Evocations


You had 19 spell levels left.
You didn't know any spells.
Your spell library contained the following spells:

 Spells                   Type           Power      Damage    Failure   Level
 Sandblast                Erth           4%         2d4       50%         1
 Sting                    Tmut/Pois      8%         1d3       50%         1
 Corpse Rot               Necr/Air       N/A        N/A       65%         2
 Passwall                 Tmut/Erth      1%         N/A       65%         2
 Sublimation of Blood     Necr           1%         N/A       65%         2
 Wereblood                Tmut           2%         N/A       65%         2
 Dispel Undead            Necr           2%         3d7       99%         4
 Lee's Rapid Deconstruct  Erth           1%         3d5*      100%        5
 Summon Forest            Summ/Tloc      1%         N/A       100%        5
 Death Channel            Necr           1%         N/A       100%        6
 Eringya's Noxious Bog    Tmut/Pois      1%         N/A       100%        6
 Summon Hydra             Summ           1%         N/A       100%        7
 Summon Horrible Things   Summ           1%         N/A       100%        8


Dungeon Overview and Level Annotations

Branches:
Dungeon (13/15)              Lair (1/6) D:9
 Temple: D:4-7          Orc: D:9-12      Vaults: D:13-14

Altars:
Cheibriados
Fedhas
Gozag
Kikubaaqudgha
Makhleb
Nemelex Xobeh
Okawaru
Sif Muna
Trog
The Shining One

Shops:
D:2 ([(:   D:9 ?   D:10 [   D:12 !

Portals:
Trove: D:10 (give +5 demon trident)

Annotations:
D:6 Menkaure
D:8 2 runed translucent doors, Borgoz's ghost, novice MiBe
D:9 Grum
D:12 Jorgrun


Innate Abilities, Weirdness & Mutations

You are too large for most types of armour.
You have tough skin. (AC +1)
You are agile. (Dex +2)
Your body sometimes deteriorates upon taking damage.
You are somewhat resistant to further mutation.


Message History

You hit the orc warrior.
The orc warrior is moderately wounded.
You hit something but do no damage.
The orc warrior hits you but does no damage.
The shadow strikes at you from the darkness!
Reactivating autopickup.
You slash the orc warrior!
The orc warrior is heavily wounded.
You barely miss the troll. You hit the shadow. The troll closely misses you.
The troll misses you. The troll barely misses you.
You block the orc warrior's attack.
The shadow slips into darkness.
The shadow flickers and vanishes!
Deactivating autopickup; reactivate with Ctrl-A.
The troll barely misses you. You block the troll's attack. The troll claws you!
The orc warrior hits you with a +0 mace!
* * * LOW HITPOINT WARNING * * *
The shadow strikes at you from the darkness!
Reactivating autopickup.
You hit the orc warrior.
The orc warrior is severely wounded.
You hit the troll. You hit the shadow but do no damage.
The troll bites you but does no damage. The troll claws you.
* * * LOW HITPOINT WARNING * * *
The troll claws you.
* * * LOW HITPOINT WARNING * * *
The orc warrior hits you with a +0 mace!
* * * LOW HITPOINT WARNING * * *
The shadow closely misses you. You block the orc warrior's attack.
You block the shadow's attack.
The shadow slips into darkness.
The shadow flickers and vanishes!
Deactivating autopickup; reactivate with Ctrl-A.
Okay, then.
You strike the helpless orc warrior from behind!
You hit the orc warrior.
The orc warrior is almost dead.
You closely miss the troll. You hit something but do no damage.
The shadow strikes at you from the darkness!
You die...

#### ###
##.@##..##
##..oT....##
#..........#
#..........#
##........##
#..>.....#
...........#
#............
...#........##


You could see a troll and an orc warrior.

Vanquished Creatures
  A centaur warrior (D:13)
  An ugly thing (D:9)
  An elephant (D:9)
  Joseph (D:8)
  A gargoyle (D:12)
  Psyche (D:10)
  A komodo dragon (Lair:1)
  A hornet (D:9)
  2 vampires
  2 basilisks (D:9)
  A wyvern (D:9)
  10 yaks
  2 steam dragons
  2 acid dragons
  A water moccasin (D:9)
  3 orc warriors
  A necrophage (D:8)
  An ogre (D:7)
  A hornet zombie (D:9)
  10 centaurs
  3 kobold brigands
  A water moccasin zombie (D:5)
  6 bullfrogs
  A gnoll sergeant (D:9)
  A scorpion (D:6)
  A killer bee (D:9)
  A howler monkey (D:4)
  10 wights
  A bullfrog zombie (D:4)
  3 centaur zombies
  5 hounds
  A centaur skeleton (D:7)
  A gnoll shaman (D:9)
  2 orc priests
  2 bullfrog skeletons
  2 iguanas
  5 orc wizards
  A hound skeleton (D:5)
  A howler monkey skeleton (D:7)
  3 adders
  2 white imps
  An ufetubus (D:6)
  An adder skeleton (D:4)
  A dart slug (D:1)
  15 orcs
  3 bats
  5 endoplasms
  5 goblins
  8 hobgoblins
  2 jackals (D:3)
  3 quokkas
  7 ball pythons
  5 frilled lizards
  17 kobolds
  4 rats
174 creatures vanquished.

Vanquished Creatures (others)
  2 fungi
  22 plants
24 creatures vanquished.

Grand Total: 198 creatures vanquished

Notes
Turn   | Place    | Note
-------+----------+-------------------------------------------
     0 | D:1      | Dustman the Ogre Gladiator began the quest for the Orb.
     0 | D:1      | Reached XP level 1. HP: 22/22 MP: 1/1
   117 | D:2      | Reached skill level 3 in Fighting
   118 | D:2      | Reached XP level 2. HP: 19/31 MP: 2/2
   155 | D:2      | Found Jabigaex's Antique Armour Boutique.
   156 | D:2      | Found a faded altar of an unknown god.
   176 | D:2      | Found Zivass's Antique Weapon Emporium.
   502 | D:1      | Reached XP level 3. HP: 35/37 MP: 3/3
   680 | D:2      | Found Worchug's Book Emporium.
   792 | D:2      | Reached XP level 4. HP: 29/48 MP: 4/4
   932 | D:4      | Reached skill level 4 in Fighting
  1086 | D:3      | Reached XP level 5. HP: 46/55 MP: 5/5
  1339 | D:2      | Found Saehad's Weapon Shoppe.
  1424 | D:2      | Bought a glowing robe for 114 gold pieces
  1744 | D:5      | Entered Level 5 of the Dungeon
  1753 | D:5      | Found a shimmering blue altar of Sif Muna.
  1773 | D:5      | Gained mutation: You are agile. (Dex +2) [potion of
                  | mutation]
  1773 | D:5      | Gained mutation: Your body sometimes deteriorates upon
                  | taking damage. [potion of mutation]
  1773 | D:5      | Gained mutation: You are somewhat resistant to further
                  | mutation. [potion of mutation]
  1819 | D:4      | Found a burning altar of Makhleb.
  1819 | D:4      | Noticed a necrophage
  1987 | D:4      | Reached skill level 5 in Fighting
  2000 | D:4      | Reached skill level 1 in Armour
  2000 | D:4      | Reached XP level 6. HP: 29/66 MP: 6/6
  2301 | D:5      | Noticed a black bear
  2349 | D:5      | Identified the +5 falchion "Ogre's Bane" {vamp, rCorr Int+3
                  | Stlth+}
  2423 | D:5      | Found an iron altar of Okawaru.
  2486 | D:5      | Found an opulent altar of Gozag.
  2608 | D:4      | Became a worshipper of Makhleb the Destroyer
  2850 | D:6      | Reached skill level 1 in Shields
  2850 | D:6      | Reached skill level 1 in Evocations
  2850 | D:6      | Reached XP level 7. HP: 23/72 MP: 7/7
  3168 | D:6      | Reached skill level 1 in Stealth
  3272 | D:6      | Reached skill level 1 in Invocations
  3473 | D:7      | Reached skill level 6 in Fighting
  3489 | D:7      | Reached XP level 8. HP: 24/83 MP: 9/9
  3906 | D:7      | Reached * piety under Makhleb
  4048 | D:6      | Noticed Menkaure
  4157 | D:8      | Noticed a gargoyle
  4176 | D:7      | Reached skill level 5 in Dodging
  4297 | D:8      | Reached skill level 7 in Fighting
  4305 | D:8      | Reached XP level 9. HP: 37/93 MP: 11/11
  4376 | D:8      | Found a blossoming altar of Fedhas.
  4444 | D:8      | Found a flagged portal.
  4455 | D:8      | Noticed Joseph
  4563 | D:8      | Found a bloodstained altar of Trog.
  4626 | D:9      | Found a staircase to the Lair.
  4626 | D:9      | Noticed an elephant
  4719 | D:8      | Found a large runed translucent door.
  4720 | D:8      | Found a large runed translucent door.
  4722 | D:8      | Noticed Borgoz's ghost (novice MiBe)
  5006 | D:8      | Found a glowing golden altar of the Shining One.
  5060 | D:8      | Killed Joseph
  5061 | D:8      | Reached skill level 1 in Long Blades
  5650 | D:9      | Killed an elephant
  5660 | D:9      | Reached skill level 8 in Fighting
  5660 | D:9      | Reached XP level 10. HP: 24/104 MP: 13/13
  5959 | Lair:1   | Entered Level 1 of the Lair of Beasts
  6075 | Lair:1   | Got the Reference Book on Supportive Changing
  6100 | Lair:1   | Noticed a five-headed hydra
  6230 | D:9      | Noticed a tengu warrior
  6346 | D:9      | Noticed a brown ugly thing
  6347 | D:9      | Reached skill level 1 in Spellcasting
  6372 | D:9      | Reached ** piety under Makhleb
  6372 | D:9      | Killed a brown ugly thing
  6373 | D:9      | Reached skill level 9 in Fighting
  6533 | D:9      | Found Zattople's Magic Scroll Emporium.
  6538 | D:9      | Noticed Grum
  6610 | D:9      | Found a snail-covered altar of Cheibriados.
  6759 | D:10     | Entered Level 10 of the Dungeon
  6892 | D:10     | Found Ximex's Armour Shoppe.
  6934 | D:11     | Noticed a boulder beetle
  7269 | D:10     | Found a sparkling altar of Nemelex Xobeh.
  7290 | D:10     | Found a portal to a secret trove of treasure.
  7364 | D:10     | Reached XP level 11. HP: 117/117 MP: 16/16
  7470 | D:10     | Found an ancient bone altar of Kikubaaqudgha.
  7512 | D:10     | Noticed Psyche
  7517 | D:10     | Killed Psyche
  7518 | D:10     | Reached skill level 10 in Fighting
  7518 | D:10     | Reached skill level 1 in Axes
  7556 | D:10     | Reached skill level 5 in Shields
  8014 | D:12     | Noticed Jorgrun
  8043 | D:12     | Found Jepyogu's Distillery.
  8056 | D:12     | Bought a potion of might for 52 gold pieces
  8056 | D:12     | Bought a potion of might for 52 gold pieces
  8056 | D:12     | Bought a potion of invisibility for 104 gold pieces
  8056 | D:12     | Bought 2 potions of degeneration for 26 gold pieces
  8056 | D:12     | Bought a potion of ambrosia for 104 gold pieces
  8056 | D:12     | Bought a potion of cancellation for 104 gold pieces
  8470 | D:13     | Noticed a centaur warrior
  8483 | D:13     | Killed a centaur warrior
  8525 | D:11     | Mangled by a shadow

Illustrated notes

Levels and vault maps discovered:
D:1:      dpeg_arrival_rhombus, layout_basic, minivault_24,
          hangedman_glass_teeth
D:2:      layout_rooms, serial_shops, nicolae_shop_behind_doors, shop, shop,
          nicolae_shop_trees, ebering_ecumenical_altar_abandoned,
          uniq_crazy_yiuf_cottage
D:3:      layout_loops_ring, minmay_randomly_rotated_circles
D:4:      layout_loops_ring, makhleb_blood_cavern_becter
D:5:      layout_basic, nicolae_overflow_crystal_walls,
          mainiacjoe_overflow_small_starburst, kennysheep_little_box,
          hangedman_decor_points, chequers_decorated_corner,
          hangedman_decor_slide_cut
D:6:      layout_basic, minmay_temple_entry_water_ring, minmay_misc_feat_tower,
          kb_lookout_dungeons_type, minivault_27, uniq_menkaure
D:7:      layout_loops_ring, minmay_misc_feat_room
D:8:      layout_cave_pools, mainiacjoe_overflow_brackets,
          mainiacjoe_overflow_alcove_1, kennysheep_mini_moat,
          ebering_ghost_disaster_area, enter_bailey_8, uniq_joseph
D:9:      layout_roguey, lemuel_doored_altar, david_lair_generic, serial_shops,
          nicolae_shop_trees, serial_glass, glass_columns_a, glass_columns_a,
          chequers_serial_rivers_small_3, onia_ninara_cookie, uniq_grum
D:10:     layout_irregular_city, mainiacjoe_overflow_boulevard,
          marbit_many_paths, mainiacjoe_overflow_six_doors_small,
          nicolae_trove_entry_crossroad, serial_shops,
          nicolae_shop_behind_doors, uniq_psyche
D:11:     layout_rooms, orc_0_dummy, minmay_hedge_maze, st_stairs_5
D:12:     layout_gridville, serial_shops, nicolae_shop_window_shopping,
          nicolae_stop_n_shop_1, shop, uniq_jorgrun
D:13:     layout_big_octagon, serial_shops, shop, hangedman_fish_farm
Lair:1:   wander_river, layout_gridlike, serial_forest,
          infiniplex_forest_clump_long, infiniplex_forest_pool,
          infiniplex_forest_lined_3, infiniplex_forest_corner_1,
          infiniplex_forest_lined_room_3, infiniplex_forest_clump_long,
          small_statue_intersection, grunt_megastairs_3,
          infiniplex_staircase_pool_2

Skill      XL: |  1  2  3  4  5  6  7  8  9 10 11 |
---------------+----------------------------------+-----
Fighting       | 3 4 5 6 7 8 9 10 | 10.3
Dodging        | 3 4 5 6 7 |  7.2
Staves         | 4 |  4.0
Armour         | 1 2 3 4 |  4.0
Shields        | 1 2 3 4 5 |  5.3
Evocations     | 1 2 3 4 |  4.0
Stealth        | 1 2 3 4 |  4.0
Invocations    | 1 3 4 |  4.0
Throwing       | 3 4 |  4.0
Long Blades    | 2 4 |  4.0
Spellcasting   | 3 4 |  4.9
Axes           | 2 |  2.3

Action                   |  1- 3 |  4- 6 |  7- 9 | 10-12 || total
-------------------------+-------+-------+-------+-------++-------
Melee: Quarterstaff      |    75 |   167 |   296 |    35 ||   573
       Falchion          |       |       |       |    51 ||    51
       War axe           |       |       |       |    79 ||    79
Throw: Dart              |     5 |     9 |    57 |    11 ||    82
       Boomerang         |       |       |     6 |       ||     6
       Throwing net      |       |       |     2 |     2 ||     4
Evoke: Wand              |       |       |    10 |    17 ||    27
  Use: Scroll            |     1 |     7 |     4 |    12 ||    24
       Potion            |     1 |     1 |     6 |     4 ||    12
 Stab: Sleeping          |       |     1 |     2 |     1 ||     4
       Distracted        |       |       |       |     1 ||     1
       Invisible         |       |       |       |     1 ||     1
Armor: Robe              |    22 |    32 |    84 |       ||   138
       Acid dragon scale |       |       |    45 |   138 ||   183
       Skin              |       |       |       |    11 ||    11
Dodge: Dodged            |    33 |   110 |   173 |   108 ||   424
Block: Kite shield       |       |       |       |   102 ||   102
       Rpst.: Falchion   |       |       |       |     5 ||     5
